APP
GREENEVILLE ASTROS @ BURLINGTON ROYALS
10/20/2044
 
TOP OF THE 1ST
Orem Owlz batting - Pitching for Burlington Royals : RHP Josh Bishop
Pitching: RHP Josh Bishop
Batting: RHB Carlos Martinez 0-0: Called Strike
0-1: Ball
1-1: Swinging Strike
1-2: Strikes out swinging
Batting: SHB Jesse Snyder 0-0: Called Strike
0-1: Called Strike
0-2: Ball
1-2: Strikes out looking
Batting: SHB Greg Prime 0-0: Called Strike
0-1: Ball
1-1: DOUBLE (Flyball, 8LXD, EV 107.5 MPH)
Batting: LHB Matt Acevedo 0-0: Ball
1-0: Called Strike
1-1: 2-RUN HOME RUN (Flyball, 89XD, EV 105.0 MPH), Distance : 413 ft
Batting: RHB Antonio Torres 0-0: Ground out U3 (Groundball, 34, EV 104.4 MPH)
Top of the 1st over - 2 runs, 2 hits, 0 errors, 0 left on base; Orem 2 - Burlington 0
BOTTOM OF THE 1ST
Burlington Royals batting - Pitching for Orem Owlz : RHP Jared Goins
Pitching: RHP Jared Goins
Batting: RHB Devin Garrett 0-0: Called Strike
0-1: Foul Ball, location: 2F
0-2: Ball
1-2: Ball
2-2: SINGLE (Groundball, 34D, EV 97.5 MPH)
Batting: RHB Jake Burkhart 0-0: Fielders Choice at 2nd, 6-4 (Groundball, 56, EV 81.9 MPH)
Batting: LHB Natanael Frois 0-0: Ball
1-0: Ball
2-0: Called Strike
2-1: Called Strike
2-2: Fielders Choice at 2nd, 3-6 (Groundball, 3, EV 83.1 MPH)
Batting: LHB Jason Smith 0-0: Swinging Strike
0-1: Ball
Wild Pitch!
Natanael Frois to second
1-1: Swinging Strike
1-2: Ball
2-2: SINGLE (Flyball, 78S, EV 92.5 MPH)
Natanael Frois to third
Batting: LHB Jason Mills 0-0: Called Strike
0-1: Foul Ball, location: 2F
0-2: Ball
1-2: Strikes out looking
Bottom of the 1st over - 0 runs, 2 hits, 0 errors, 2 left on base; Orem 2 - Burlington 0
TOP OF THE 2ND
Orem Owlz batting - Pitching for Burlington Royals : RHP Josh Bishop
Batting: LHB Mike Martinez 0-0: DOUBLE (Flyball, 8RXD, EV 99.4 MPH)
Batting: RHB Matt Trevizo 0-0: Ball
1-0: Called Strike
1-1: Ball
2-1: Foul Ball, location: 2F
2-2: Foul Ball, location: 2F
2-2: Ball
3-2: Base on Balls
Batting: RHB Eric Moore 0-0: Called Strike
0-1: Called Strike
0-2: Ball
1-2: Foul Ball, location: 2F
1-2: Ball
2-2: Ball
3-2: Foul Ball, location: 2F
3-2: Base on Balls
Mike Martinez to third
Matt Trevizo to second
Batting: RHB Jeremy Allen 0-0: Ball
1-0: Called Strike
1-1: Foul Ball, location: 2F
1-2: Strikes out swinging
Batting: RHB Carlos Martinez 0-0: Ball
1-0: Ball
2-0: Fly out, F9 (Flyball, 9, EV 80.6 MPH)
Batting: SHB Jesse Snyder 0-0: Foul Ball, location: 2F
0-1: Ball
1-1: Foul Ball, location: 2F
1-2: Foul Ball, location: 2F
1-2: Strikes out swinging
Top of the 2nd over - 0 runs, 1 hit, 0 errors, 3 left on base; Orem 2 - Burlington 0
BOTTOM OF THE 2ND
Burlington Royals batting - Pitching for Orem Owlz : RHP Jared Goins
Batting: RHB Jason Sloan 0-0: Ball
1-0: Ball
2-0: Called Strike
2-1: Ball
3-1: Base on Balls
Batting: LHB Jim Hollowell 0-0: Called Strike
0-1: Grounds into double play, 6-4-3 (Groundball, 6, EV 108.1 MPH)
Batting: LHB Lapaele Keneke 0-0: Swinging Strike
0-1: Ball
1-1: Ball
2-1: Ball
3-1: Swinging Strike
3-2: Foul Ball, location: 2F
3-2: Base on Balls
Batting: RHB Josh Tull 0-0: Called Strike
0-1: Foul Ball, location: 2F
0-2: Ball
1-2: Ball
2-2: Ball
3-2: Foul Ball, location: 2F
3-2: Strikes out swinging
Bottom of the 2nd over - 0 runs, 0 hits, 0 errors, 1 left on base; Orem 2 - Burlington 0
TOP OF THE 3RD
Orem Owlz batting - Pitching for Burlington Royals : RHP Josh Bishop
Batting: SHB Greg Prime 0-0: Ground out 4-3 (Groundball, 4, EV 87.5 MPH)
Batting: LHB Matt Acevedo 0-0: Called Strike
0-1: Fly out, F8 (Flyball, 89D, EV 84.4 MPH)
Batting: RHB Antonio Torres 0-0: Swinging Strike
0-1: Ground out 4-3 (Groundball, 34, EV 99.4 MPH)
Top of the 3rd over - 0 runs, 0 hits, 0 errors, 0 left on base; Orem 2 - Burlington 0
BOTTOM OF THE 3RD
Burlington Royals batting - Pitching for Orem Owlz : RHP Jared Goins
Batting: RHB Devin Garrett 0-0: Called Strike
0-1: Ball
1-1: Swinging Strike
1-2: SINGLE (Line Drive, 56, EV 99.4 MPH)
Batting: RHB Jake Burkhart 0-0: Ball
1-0: Foul Ball, location: 2F
1-1: Ball
2-1: Fielders Choice at 2nd, 4-6 (Groundball, 34, EV 82.5 MPH)
Batting: LHB Natanael Frois 0-0: Ball
1-0: Called Strike
1-1: Called Strike
1-2: Strikes out swinging
Jake Burkhart steals 2nd base
Batter strikes out.
Batting: LHB Jason Smith 0-0: Ball
1-0: Reached on error, E4 (Groundball, 4M, EV 103.8 MPH)
Jake Burkhart to third
Batting: LHB Jason Mills 0-0: Called Strike
0-1: Foul Ball, location: 2F
0-2: Ball
1-2: Ball
2-2: Ground out 1-3 (Groundball, 34S, EV 89.4 MPH)
Bottom of the 3rd over - 0 runs, 1 hit, 1 error, 2 left on base; Orem 2 - Burlington 0
TOP OF THE 4TH
Orem Owlz batting - Pitching for Burlington Royals : RHP Josh Bishop
Batting: LHB Mike Martinez 0-0: Swinging Strike
0-1: Ball
1-1: Foul Ball, location: 2F
1-2: Strikes out swinging
Batting: RHB Matt Trevizo 0-0: Ball
1-0: Ball
2-0: SINGLE (Line Drive, 8RS, EV 93.1 MPH)
Batting: RHB Eric Moore 0-0: Called Strike
0-1: Foul Ball, location: 2F
0-2: Foul Ball, location: 2F
0-2: Strikes out swinging
Batting: RHB Jeremy Allen 0-0: Ball
1-0: Fly out, F9 (Flyball, 9S, EV 77.5 MPH)
Top of the 4th over - 0 runs, 1 hit, 0 errors, 1 left on base; Orem 2 - Burlington 0
BOTTOM OF THE 4TH
Burlington Royals batting - Pitching for Orem Owlz : RHP Jared Goins
Batting: RHB Jason Sloan 0-0: Called Strike
0-1: Called Strike
0-2: Fly out, F9 (Flyball, 9S, EV 79.4 MPH)
Batting: LHB Jim Hollowell 0-0: Ground out 4-3 (Groundball, 4, EV 97.5 MPH)
Batting: LHB Lapaele Keneke 0-0: Called Strike
0-1: Called Strike
0-2: Ball
1-2: Ball
2-2: Strikes out swinging
Bottom of the 4th over - 0 runs, 0 hits, 0 errors, 0 left on base; Orem 2 - Burlington 0
TOP OF THE 5TH
Orem Owlz batting - Pitching for Burlington Royals : RHP Josh Bishop
Batting: RHB Carlos Martinez 0-0: Ball
1-0: DOUBLE (Flyball, 78D, EV 93.8 MPH)
Batting: SHB Jesse Snyder 0-0: Called Strike
0-1: DOUBLE (Line Drive, 89M, EV 87.5 MPH)
Carlos Martinez scores
Batting: SHB Greg Prime 0-0: Called Strike
Jesse Snyder steals 3rd base
0-1: Foul Ball, location: 2F
0-2: Ball
1-2: Ground out 5-3 (Groundball, 56, EV 82.5 MPH)
Batting: LHB Matt Acevedo 0-0: Ball
1-0: Foul Ball, location: 2F
1-1: Ground out 1-6-3 (Groundball, 15S, EV 103.1 MPH)
Batting: RHB Antonio Torres 0-0: Ground out 4-3 (Groundball, 4M, EV 96.9 MPH)
Top of the 5th over - 1 run, 2 hits, 0 errors, 1 left on base; Orem 3 - Burlington 0
BOTTOM OF THE 5TH
Burlington Royals batting - Pitching for Orem Owlz : RHP Jared Goins
Batting: RHB Josh Tull 0-0: Called Strike
0-1: Ground out 6-3 (Groundball, 6M, EV 98.1 MPH)
Batting: RHB Devin Garrett 0-0: Ball
1-0: Ball
2-0: Ball
3-0: Base on Balls
Pitching: RHP Santiago Navejas
Batting: RHB Jake Burkhart 0-0: Called Strike
0-1: Swinging Strike
0-2: Ball
1-2: Ball
2-2: Strikes out swinging
Batting: LHB Natanael Frois 0-0: Ball
Devin Garrett steals 2nd base (no throw)
1-0: Foul Ball, location: 2F
1-1: Swinging Strike
1-2: Foul Ball, location: 2F
1-2: Foul Ball, location: 2F
1-2: Foul Ball, location: 2F
1-2: Foul Ball, location: 2F
1-2: Foul Ball, location: 2F
1-2: Foul Ball, location: 2F
1-2: Ground out U3 (Groundball, 3, EV 81.3 MPH)
Bottom of the 5th over - 0 runs, 0 hits, 0 errors, 1 left on base; Orem 3 - Burlington 0
TOP OF THE 6TH
Orem Owlz batting - Pitching for Burlington Royals : RHP Josh Bishop
Batting: LHB Mike Martinez 0-0: Ball
1-0: Foul Ball, location: 2F
1-1: Ball
2-1: Ball
3-1: SINGLE (Groundball, 56, EV 89.4 MPH) (infield hit)
Batting: RHB Matt Trevizo 0-0: SINGLE (Groundball, 4MD, EV 95.0 MPH)
Mike Martinez to second
Batting: RHB Eric Moore 0-0: Ball
1-0: Ball
2-0: Called Strike
2-1: Fly out, F8 (Flyball, 8LD, EV 93.1 MPH)
Batting: RHB Jeremy Allen 0-0: Foul Ball, location: 2F
0-1: Swinging Strike
0-2: Strikes out swinging
Batting: RHB Carlos Martinez 0-0: Ground out U3 (Groundball, 34, EV 99.4 MPH)
Top of the 6th over - 0 runs, 2 hits, 0 errors, 2 left on base; Orem 3 - Burlington 0
BOTTOM OF THE 6TH
Burlington Royals batting - Pitching for Orem Owlz : RHP Santiago Navejas
Batting: LHB Jason Smith 0-0: SINGLE (Groundball, 4MD, EV 93.8 MPH)
Batting: LHB Jason Mills 0-0: Ball
1-0: Ball
2-0: Grounds into double play, 5-4-3 (Groundball, 56, EV 77.5 MPH)
Batting: RHB Jason Sloan 0-0: Foul Ball, location: 2F
0-1: Foul Ball, location: 2F
0-2: Ball
1-2: Strikes out looking
Bottom of the 6th over - 0 runs, 1 hit, 0 errors, 0 left on base; Orem 3 - Burlington 0
TOP OF THE 7TH
Orem Owlz batting - Pitching for Burlington Royals : RHP Josh Bishop
Pitching: LHP Nick Parker
Batting: SHB Jesse Snyder 0-0: Called Strike
0-1: Ball
1-1: Ball
2-1: Foul Ball, location: 2F
2-2: Foul Ball, location: 2F
2-2: Strikes out swinging
Batting: SHB Greg Prime 0-0: Called Strike
0-1: Foul Ball, location: 2F
0-2: Ball
1-2: Ball
2-2: Strikes out swinging
Batting: LHB Matt Acevedo 0-0: Foul Ball, location: 2F
0-1: Ball
1-1: Ball
2-1: Called Strike
2-2: Ball
3-2: Base on Balls
Batting: RHB Antonio Torres 0-0: Ball
1-0: Ground out 5-3 (Groundball, 56S, EV 62.5 MPH)
Top of the 7th over - 0 runs, 0 hits, 0 errors, 1 left on base; Orem 3 - Burlington 0
BOTTOM OF THE 7TH
Burlington Royals batting - Pitching for Orem Owlz : RHP Santiago Navejas
Batting: LHB Jim Hollowell 0-0: Ball
1-0: Ball
2-0: SOLO HOME RUN (Line Drive, 89XD, EV 98.1 MPH), Distance : 422 ft
Batting: LHB Lapaele Keneke 0-0: Ground out 4-3 (Groundball, 4M, EV 101.3 MPH)
Batting: RHB Josh Tull 0-0: Foul Ball, location: 2F
0-1: Ball
1-1: Ball
2-1: Foul Ball, location: 2F
2-2: Foul Ball, location: 2F
2-2: Foul Ball, location: 2F
2-2: Foul Ball, location: 2F
2-2: Ball
3-2: Foul Ball, location: 2F
3-2: Strikes out swinging
Batting: RHB Devin Garrett 0-0: Called Strike
0-1: Ball
1-1: Swinging Strike
1-2: Ground out 6-3 (Groundball, 6M, EV 101.3 MPH)
Bottom of the 7th over - 1 run, 1 hit, 0 errors, 0 left on base; Orem 3 - Burlington 1
TOP OF THE 8TH
Orem Owlz batting - Pitching for Burlington Royals : LHP Nick Parker
Pitching: RHP Bobby Mendoza
Batting: LHB Mike Martinez 0-0: Ball
1-0: Swinging Strike
1-1: Ground out U3 (Groundball, 34, EV 113.8 MPH)
Batting: RHB Matt Trevizo 0-0: Ball
1-0: Ground out 6-3 (Groundball, 56, EV 108.8 MPH)
Batting: RHB Eric Moore 0-0: Ball
1-0: Swinging Strike
1-1: Ball
2-1: Called Strike
2-2: Ball
3-2: Foul Ball, location: 2F
3-2: Ground out 5-3 (Groundball, 56S, EV 82.5 MPH)
Top of the 8th over - 0 runs, 0 hits, 0 errors, 0 left on base; Orem 3 - Burlington 1
BOTTOM OF THE 8TH
Burlington Royals batting - Pitching for Orem Owlz : RHP Santiago Navejas
Pitching: RHP Francisco Pagan
Batting: RHB Jake Burkhart 0-0: Called Strike
0-1: Ball
1-1: Swinging Strike
1-2: Strikes out swinging
Batting: LHB Natanael Frois 0-0: Swinging Strike
0-1: Called Strike
0-2: Strikes out swinging
Batting: LHB Jason Smith 0-0: Ball
1-0: Called Strike
1-1: Foul Ball, location: 2F
1-2: Ball
2-2: Ground out U3 (Groundball, 3, EV 85.0 MPH)
Bottom of the 8th over - 0 runs, 0 hits, 0 errors, 0 left on base; Orem 3 - Burlington 1
TOP OF THE 9TH
Orem Owlz batting - Pitching for Burlington Royals : RHP Bobby Mendoza
Pitching: RHP Joel Cruz
Batting: RHB Jeremy Allen 0-0: Called Strike
0-1: Ball
1-1: Ball
2-1: Ball
3-1: SINGLE (Groundball, 4MD, EV 98.8 MPH)
Batting: RHB Carlos Martinez 0-0: Sac Bunt to 23 - play at first, batter OUT! 3-4
Jeremy Allen to second
Batting: SHB Jesse Snyder 0-0: Ball
1-0: Called Strike
1-1: Ground out 1-3 (Groundball, 13, EV 74.4 MPH)
Jeremy Allen to third
Batting: SHB Greg Prime 0-0: Ground out 1-3 (Groundball, 13S, EV 74.4 MPH)
Top of the 9th over - 0 runs, 1 hit, 0 errors, 1 left on base; Orem 3 - Burlington 1
BOTTOM OF THE 9TH
Burlington Royals batting - Pitching for Orem Owlz : RHP Francisco Pagan
Pitching: RHP Dida Obadele
Batting: LHB Jason Mills 0-0: Called Strike
0-1: Ground out 6-3 (Groundball, 6, EV 105.6 MPH)
Batting: RHB Jason Sloan 0-0: Ball
1-0: Foul Ball, location: 2F
1-1: Foul Ball, location: 2F
1-2: Ball
2-2: Ball
3-2: Base on Balls
Batting: LHB Jim Hollowell Balk!
Jason Sloan to second
0-0: Called Strike
0-1: Swinging Strike
0-2: Strikes out looking
Pinch Hitting: RHB Yuri Gielkens 0-0: Ball
1-0: Ball
Wild Pitch!
Jason Sloan to third
2-0: Ball
3-0: Called Strike
3-1: Base on Balls
Pinch Hitting: LHB Jason Gorden 0-0: Foul Ball, location: 2F
0-1: Ball
1-1: Foul Ball, location: 2F
1-2: Ball
2-2: Foul Ball, location: 2F
2-2: DOUBLE (Flyball, 8RXD, EV 105.0 MPH)
Jason Sloan scores
Yuri Gielkens to third
Runner from 3rd tries for Home, SAFE, throw by CF to trailing runner, SAFE at third!
Batting: RHB Devin Garrett 0-0: Called Strike
0-1: Swinging Strike
0-2: Foul Ball, location: 2F
0-2: Foul Ball, location: 2F
0-2: Ball
1-2: Ball
2-2: Foul Ball, location: 2F
2-2: Ground out 5-3 (Groundball, 56, EV 88.1 MPH)
Bottom of the 9th over - 2 runs, 1 hit, 0 errors, 1 left on base; Orem 3 - Burlington 3
TOP OF THE 10TH
Orem Owlz batting - Pitching for Burlington Royals : RHP Joel Cruz
Pitching: RHP Scott McGinness
Now in LF: Paul Greto
Now in CF: Chris Brown
Batting: LHB Matt Acevedo 0-0: Foul Ball, location: 2F
0-1: Foul Ball, location: 2F
0-2: Strikes out swinging
Batting: RHB Antonio Torres 0-0: Called Strike
0-1: Foul Ball, location: 2F
0-2: Ground out 1-3 (Groundball, 13, EV 71.3 MPH)
Batting: LHB Mike Martinez 0-0: Ball
1-0: Called Strike
1-1: Foul Ball, location: 2F
1-2: Ball
2-2: Ball
3-2: Strikes out swinging
Top of the 10th over - 0 runs, 0 hits, 0 errors, 0 left on base; Orem 3 - Burlington 3
BOTTOM OF THE 10TH
Burlington Royals batting - Pitching for Orem Owlz : RHP Dida Obadele
Pitching: RHP David Travieso
Pinch Hitting: LHB Esteban Sandoval 0-0: Foul Ball, location: 2F
0-1: Fly out, F8 (Line Drive, 8RD, EV 98.1 MPH)
Batting: LHB Natanael Frois 0-0: Called Strike
0-1: Ball
1-1: Ball
2-1: Foul Ball, location: 2F
2-2: Ground out 1-3 (Groundball, P, EV 76.3 MPH)
Batting: LHB Jason Smith 0-0: Ball
1-0: Foul Ball, location: 2F
1-1: SINGLE (Groundball, 4M, EV 89.4 MPH) (infield hit)
Batting: LHB Jason Mills 0-0: Ball
1-0: Ball
2-0: DOUBLE (Line Drive, 8RXD, EV 111.9 MPH)
Jason Smith to third
Batting: RHB Jason Sloan 0-0: Ball
1-0: Called Strike
1-1: Called Strike
1-2: Foul Ball, location: 2F
1-2: Strikes out swinging
Bottom of the 10th over - 0 runs, 2 hits, 0 errors, 2 left on base; Orem 3 - Burlington 3
TOP OF THE 11TH
Orem Owlz batting - Pitching for Burlington Royals : RHP Scott McGinness
Now at SS: Jeremy Farrar
Batting: RHB Matt Trevizo 0-0: Foul Ball, location: 2F
0-1: Called Strike
0-2: Ball
1-2: SOLO HOME RUN (Flyball, 78XD, EV 96.3 MPH), Distance : 425 ft
Batting: RHB Eric Moore 0-0: SINGLE (Line Drive, 4M, EV 103.8 MPH)
Batting: RHB Jeremy Allen 0-0: Bunted foul
0-1: Sac Bunt to 5S - play at first, batter OUT! 5-4
Eric Moore to second
Batting: RHB Carlos Martinez 0-0: Intentional Walk
Batting: SHB Jesse Snyder 0-0: Ball
1-0: Called Strike
1-1: Called Strike
1-2: Ball
2-2: Fly out, F9 (Flyball, 9S, EV 92.5 MPH)
Batting: SHB Greg Prime 0-0: Called Strike
0-1: Ball
1-1: Swinging Strike
1-2: Strikes out swinging
Top of the 11th over - 1 run, 2 hits, 0 errors, 2 left on base; Orem 4 - Burlington 3
BOTTOM OF THE 11TH
Burlington Royals batting - Pitching for Orem Owlz : RHP David Travieso
Batting: LHB Jim Hollowell 0-0: Ball
1-0: Ball
2-0: Ball
3-0: Base on Balls
Pitching: LHP Noah Tucker
Batting: LHB Chris Brown 0-0: Sac Bunt to 2R - play at first, batter OUT! 2-4
Jim Hollowell to second
Pinch Hitting: RHB Frank McCulloch 0-0: Called Strike
0-1: Ball
1-1: Foul Ball, location: 2F
1-2: Foul Ball, location: 2F
1-2: Ball
2-2: Ball
3-2: Fly out, F5 (Popup, 56, EV 76.9 MPH)
Batting: RHB Devin Garrett 0-0: Called Strike
0-1: Ball
1-1: Ground out 5-3 (Groundball, 56, EV 103.1 MPH)
Bottom of the 11th over - 0 runs, 0 hits, 0 errors, 1 left on base; Orem 4 - Burlington 3
Thursday, March 31st , 2022 - OOTP Baseball 22.12 Build 89